 Dungeon Crawl Stone Soup version 0.21.1-1-g345015fe64 (webtiles) character file.

134 ivanetc the Magician (level 4, -5/25 HPs)
             Began as a Deep Elf Earth Elementalist on Apr 18, 2018.
             Slain by a gnoll
             ... wielding a +0 spear
              (7 damage)
             ... on level 4 of the Dungeon.
             The game lasted 00:39:07 (1982 turns).

ivanetc the Magician (Deep Elf Earth Elementalist)  Turns: 1982, Time: 00:39:07

Health: -5/25      AC:  3    Str:  5    XL:     4   Next: 95%
Magic:  3/12       EV: 13    Int: 21    God:
Gold:   162        SH:  0    Dex: 15    Spells: 1/11 levels left

rFire    + . .     SeeInvis .   B - +0 war axe (curse)
rCold    . . .     Gourm    .   (no shield)
rNeg     . . .     Faith    .   c - +1 robe
rPois    .         Spirit   .   (no helmet)
rElec    .         Reflect  .   (no cloak)
rCorr    .         Harm     .   (no gloves)
MR       .....                  (no boots)
Stlth    ++........             m - amulet of regeneration
HPRegen  0.48/turn              p - ring of protection from fire
MPRegen  0.13/turn              (no ring)

@: no status effects
A: no striking features
a: no special abilities


You were on level 4 of the Dungeon.
You were not hungry.

You visited 1 branch of the dungeon, and saw 4 of its levels.

You collected 162 gold pieces.

Inventory:

Hand Weapons
 l - a +0 dagger
 o - a +0 short sword
 u - a +0 short sword
 z - a +0 short sword
 B - a cursed +0 war axe (weapon)
 C - a +0 hand axe
 F - a +0 spear of venom
Missiles
 w - 35 sling bullets
 A - 43 stones (quivered)
Armour
 c - a +1 robe (worn)
 f - a +0 robe
 h - a +0 robe
 q - a +0 scale mail
 r - a +0 scale mail
 D - a +0 scale mail
Jewellery
 m - an amulet of regeneration (around neck)
 p - a ring of protection from fire (left hand)
Wands
 b - a wand of polymorph (18)
 y - a wand of paralysis (15)
Scrolls
 g - 2 scrolls of magic mapping
 j - a scroll of teleportation
 k - 2 scrolls of enchant armour
 x - 2 scrolls of fog
 E - a scroll of fear {unknown}
Potions
 a - a potion of mutation {unknown}
 i - 2 potions of lignification {unknown}
 n - a potion of magic {unknown}
 s - 2 potions of flight {unknown}
 t - a potion of brilliance {unknown}
Books
 e - a book of Geomancy

   Spells                             Type                      Level
   a - Sandblast                      Earth                        1
   b - Passwall                       Transmutation/Earth          2
   c - Stone Arrow                    Conjuration/Earth            3
   d - Petrify                        Transmutation/Earth          4
   e - Lee's Rapid Deconstruction     Earth                        5
Comestibles
 d - 3 rations
 G - 5 chunks of flesh


   Skills:
 + Level 1.0 Fighting
 + Level 0.9 Short Blades
 + Level 0.1 Axes
 + Level 0.2 Throwing
 + Level 2.8 Dodging
 + Level 3.2 Stealth
 + Level 4.4 Spellcasting
 + Level 0.5 Conjurations
 + Level 1.1 Transmutations
 + Level 4.3 Earth Magic


You had one spell level left.
You knew the following spells:

 Your Spells              Type           Power        Failure   Level  Hunger
a - Sandblast             Erth           ###...       1%          1    None
b - Passwall              Tmut/Erth      ###.......   5%          2    #......
c - Stone Arrow           Conj/Erth      ##....       13%         3    ##.....
d - Petrify               Tmut/Erth      ###.....     36%         4    ####...


Dungeon Overview and Level Annotations

Branches:
Dungeon (4/15)
 Temple: D:4-7

Altars:

Annotations:
D:2 Sigmund


Message History

The gnoll hits you from afar with a spear.
The gnoll closely misses you. The gnoll barely misses you.
The gnoll closely misses you.
The gnoll hits you from afar with a halberd.
The gnoll hits you from afar with a spear!
The gnoll barely misses you. The gnoll barely misses you.
You closely miss the gnoll.
The gnoll is almost dead.
The gnoll hits you with a spear!
* * * LOW HITPOINT WARNING * * *
The gnoll closely misses you. The gnoll completely misses you.
Aiming: Paralyse
Press: ? - help, Shift-Dir - straight line, f/p - gnoll
Aim: a gnoll, wielding a spear (almost dead, chance to defeat MR: 54%)
The gnoll resists with significant effort.
The gnoll barely misses you. The gnoll closely misses you.
The gnoll hits you from afar with a spear!
You die...

# .....# #.#
#.##.#.######.#
#.#.........#.# ##...
............#.# ##.....
.##.........#.# .......
............#.#####..g....
###...............#.......
..................#(...#
................@.#....##.
..................gg......
....########......#....##.
....# ########....# ..).#
....... ##.## ....... #)#
$...... ##)## ...#...
....# .......


You could see 2 gnolls.

Vanquished Creatures
  5 adders
  3 oozes
  An adder skeleton (D:4)
  A worm (D:2)
  A dart slug (D:1)
  5 leopard geckos
  5 orcs
  2 ball pythons
  4 bats
  2 giant cockroaches (D:2)
  4 goblins
  8 hobgoblins
  8 kobolds
  4 frilled lizards
  4 rats
57 creatures vanquished.

Notes
Turn   | Place    | Note
-------+----------+-------------------------------------------
     0 | D:1      | ivanetc the Deep Elf Earth Elementalist began the quest for the Orb.
     0 | D:1      | Reached XP level 1. HP: 10/10 MP: 6/6
   210 | D:1      | Reached XP level 2. HP: 14/15 MP: 4/8
   470 | D:1      | Learned a level 2 spell: Passwall
   576 | D:2      | Reached XP level 3. HP: 19/19 MP: 6/10
   607 | D:2      | Learned a level 3 spell: Stone Arrow
  1051 | D:2      | Noticed Sigmund
  1408 | D:3      | Reached XP level 4. HP: 24/24 MP: 8/12
  1421 | D:3      | Learned a level 4 spell: Petrify
  1675 | D:3      | Reached skill level 1 in Fighting
  1980 | D:4      | HP: 1/25 [gnoll/spear (10)]
  1982 | D:4      | Slain by a gnoll

Skill      XL: |  1  2  3  4 |
---------------+-------------+-----
Earth Magic    | 4 |  4.3
Spellcasting   | 4 |  4.4
Stealth        | 3 |  3.2
Fighting       | 1 |  1.0
Short Blades   | |  0.9
Axes           | |  0.1
Throwing       | |  0.2
Dodging        | |  2.8
Conjurations   | |  0.5
Transmutations | |  1.1

Action                   |  1- 3 |  4- 6 || total
-------------------------+-------+-------++-------
Melee: Short sword       |    64 |       ||    64
       War axe           |     4 |    26 ||    30
Throw: Stone             |     3 |       ||     3
 Cast: Sandblast         |    30 |     2 ||    32
       Passwall          |     2 |     1 ||     3
       Stone Arrow       |     1 |    18 ||    19
Evoke: Wand              |       |     1 ||     1
  Use: Scroll            |     6 |       ||     6
       Potion            |       |     3 ||     3
 Stab: Sleeping          |     3 |       ||     3
  Eat: Ration            |     1 |     1 ||     2
       Chunk             |       |     1 ||     1
Armor: Robe              |    11 |    12 ||    23
Dodge: Dodged            |    51 |    47 ||    98
